 Dungeon Crawl Stone Soup version 0.22-a0-117-g314b907 (webtiles) character file.

156 Faca the Skirmisher (level 5, -4/37 HPs)
             Began as a Gargoyle Fighter on Jan 29, 2018.
             Slain by a wight
             ... wielding a +0 halberd
              (9 damage)
             ... on level 2 of the Dungeon.
             The game lasted 00:01:43 (1185 turns).

Faca the Skirmisher (Gargoyle Fighter)              Turns: 1185, Time: 00:01:43

Health: -4/37      AC: 10    Str: 20    XL:     5   Next: 38%
Magic:  5/5        EV:  7    Int:  8    God:
Gold:   69         SH:  9    Dex: 10    Spells: 4/4 levels left

rFire    . . .     SeeInvis .   a - +0 flail
rCold    . . .     Gourm    .   c - +0 shield
rNeg     + . .     Faith    .   b - +0 scale mail
rPois    ∞         Spirit   .   (no helmet)
rElec    +         Reflect  .   (no cloak)
rCorr    .         Harm     .   (no gloves)
MR       +....                  (no boots)
Stlth    ..........             (no amulet)
HPRegen  0.12/turn              j - ring of protection from magic
MPRegen  0.09/turn              (no ring)

@: no status effects
A: negative energy resistance 1, electricity resistance, unbreathing,
petrification resistance, rot immunity, AC +4
a: no special abilities


You were on level 2 of the Dungeon.
You were not hungry.

You visited 1 branch of the dungeon, and saw 2 of its levels.

You collected 69 gold pieces.

Inventory:

Hand Weapons
 a - a +0 flail (weapon)
Armour
 b - a +0 scale mail (worn)
 c - a +0 shield (worn)
 l - a +0 chain mail
Jewellery
 j - a ring of protection from magic (left hand)
Wands
 k - a wand of flame (17)
Scrolls
 e - 2 scrolls of identify {unknown}
 g - a scroll of teleportation {unknown}
 h - 3 scrolls of remove curse {unknown}
Potions
 d - a potion of might
 i - a potion of heal wounds {unknown}
Comestibles
 f - 3 rations


   Skills:
 * Level 6.5 Fighting
 - Level 2.0 Maces & Flails
 - Level 3.2 Armour
 - Level 3.2 Shields


You had 4 spell levels left.
You didn't know any spells.

Dungeon Overview and Level Annotations

Branches:
Dungeon (2/15)

Altars:


Innate Abilities, Weirdness & Mutations

You are resistant to torment.
Your stone body is resilient. (AC +4)
You are immune to poison.
You resist negative energy. (rN+)
You are resistant to electric shocks. (rElec)
You can survive without breathing.
You are immune to petrification.
You are immune to rotting.


Message History

You closely miss the wight.
The wight is severely damaged.
The wight hits you with a battleaxe of freezing!
The wight freezes you.
You closely miss the wight.
The wight is severely damaged.
The wight hits you with a battleaxe of freezing.
* * * LOW HITPOINT WARNING * * *
The wight freezes you.
* * * LOW HITPOINT WARNING * * *
You hit the wight but do no damage.
The wight is severely damaged.
You block the wight's attack.
You sock the wight!
You destroy the wight!
You hit the wight.
The wight is lightly damaged.
You block the wight's attack.
The wight hits you from afar with a halberd!
You die...

#.........########.......
#.#######..)....##......#
#.#####.##....###
##.####.#####..........
...........##(.#####.##
.#.####.##.##..# .#
#.##...... .#
..######.......... .#
.....zz@.######.##.
.#.#####.# #.. .. #.# <..
.# ... #.# # .... .....
.....)# .....


You could see 2 wights.

Vanquished Creatures
  2 wights (D:2)
  Terence (D:2)
  2 adders (D:2)
  A dart slug (D:1)
  A ball python (D:1)
  A bat (D:2)
  4 giant cockroaches (D:1)
  4 goblins
  5 hobgoblins
  2 frilled lizards (D:1)
  4 kobolds
  5 rats
32 creatures vanquished.

Notes
Turn   | Place    | Note
-------+----------+-------------------------------------------
     0 | D:1      | Faca the Gargoyle Fighter began the quest for the Orb.
     0 | D:1      | Reached XP level 1. HP: 14/14 MP: 1/1
   213 | D:1      | Reached XP level 2. HP: 19/20 MP: 2/2
   219 | D:1      | Reached skill level 4 in Fighting
   855 | D:2      | Reached XP level 3. HP: 24/24 MP: 3/3
   916 | D:2      | Noticed Terence
   937 | D:2      | Killed Terence
   937 | D:2      | Reached skill level 5 in Fighting
   937 | D:2      | Reached XP level 4. HP: 9/31 MP: 4/4
  1177 | D:2      | Reached skill level 6 in Fighting
  1177 | D:2      | Reached XP level 5. HP: 24/36 MP: 5/5
  1185 | D:2      | Slain by a wight

Vault maps used:
D:1:      roderic_crop_circles_arrival_large
D:2:      chequers_ecumenical_altar_simple, uniq_terence

Skill      XL: |  1  2  3  4 |
---------------+-------------+-----
Fighting       | 4 5 6 |  6.5
Maces & Flails | |  2.0
Armour         | |  3.2
Shields        | |  3.2

Action                   |  1- 3 |  4- 6 || total
-------------------------+-------+-------++-------
Melee: Flail             |    93 |    18 ||   111
  Eat: Chunk             |       |     1 ||     1
Armor: Scale mail        |    37 |     4 ||    41
Dodge: Dodged            |    30 |     4 ||    34
Block: Shield            |    41 |     6 ||    47

Table legend:
 A = Spawn XP
 B = Non-spawn XP
 C = Spawn XP percentage of total XP
 D = Spawn monster count
 E = Non-spawn monster count
 F = Spawn count percentage of total count
 G = Total turns spent on level
                    A         B        C        D         E        F      G
               +---------+---------+-------+---------+---------+-------+---------
         Total |       0 |     224 |   0.0 |       0 |      32 |   0.0 |  1185
               +---------+---------+-------+---------+---------+-------+---------
           D:1 |       0 |      33 |   0.0 |       0 |      19 |   0.0 |   853
           D:2 |       0 |     191 |   0.0 |       0 |      13 |   0.0 |   332
               +---------+---------+-------+---------+---------+-------+---------
